 Seeded DCSS version 0.29-a0-72-g1732ff48e7 (webtiles) character file.

Game seed: 10000000000011 (custom seed)

703 knot the Chopper (level 7, 0/52 HPs)
             Began as a Demonspawn Berserker on Feb 3, 2022.
             Was a Believer of Trog.
             Slain by an unseen horror (1 damage)
             ... on level 5 of the Dungeon.
             The game lasted 00:03:28 (4447 turns).

knot the Chopper (Demonspawn Berserker)             Turns: 4447, Time: 00:03:29

Health: 0/52       AC:  2    Str: 18    XL:     7   Next: 39%
Magic:  0/7        EV: 12    Int: 10    God:    Trog [**....]
Gold:   162        SH:  5    Dex: 12    Spells: 6/6 levels left

rFire   . . .      SeeInvis .   a - +0 hand axe
rCold   . . .      Faith    .   (no shield)
rNeg    . . .      Spirit   +   b - +0 animal skin
rPois   .          Reflect  +   (no helmet)
rElec   .          Harm     .   (no cloak)
rCorr   .          Rampage  .   (no gloves)
Will    .....                   (no boots)
Stlth   +.........              d - amulet of reflection
HPRegen 0.17/turn               (no ring)
MPRegen 0.20/turn               (no ring)

@: mighty, on berserk cooldown, slowed, very slow
A: magic shield, magic regeneration, demonic touch 2
a: Renounce Religion, Berserk, Trog's Hand


You were on level 5 of the Dungeon.
You worshipped Trog.
Trog was pleased with you.
You visited 1 branch of the dungeon, and saw 5 of its levels.

You collected 162 gold pieces.

Inventory:

Hand Weapons
 a - a +0 hand axe (weapon)
Missiles
 f - 105 stones
 j - 2 poisoned darts (quivered)
 q - 4 boomerangs
Armour
 b - a +0 animal skin (worn)
Jewellery
 d - an amulet of reflection (around neck)
Wands
 n - a wand of polymorph (6)
 p - a wand of flame (25)
Scrolls
 c - a scroll of amnesia {unknown}
 i - 2 scrolls of identify {unknown}
 m - 2 scrolls of blinking {unknown}
 o - a scroll of fog {unknown}
Potions
 e - a potion of curing {unknown}
 g - a potion of lignification {unknown}
 k - a potion of magic {unknown}
 l - a potion of heal wounds {unknown}


   Skills:
 - Level 3.0 Fighting
 * Level 6.5 Axes
 * Level 4.3 Throwing
 - Level 1.7 Armour
 - Level 1.7 Dodging


You had 6 spell levels left.
You didn't know any spells.
Your spell library contained the following spells:

 Spells                   Type           Power      Damage    Failure   Level
 Corpse Rot               Necr/Air       0%         N/A       50%         2
 Ensorcelled Hibernation  Hex/Ice        0%         N/A       50%         2
 Passwall                 Tmut/Erth      0%         N/A       50%         2
 Poisonous Vapours        Pois/Air       0%         N/A       50%         2
 Swiftness                Air            0%         N/A       75%         3


Dungeon Overview and Level Annotations

Branches:
Dungeon (5/15)             Temple (0/1) D:4

Altars:

Shops:
D:3 [


Innate Abilities, Weirdness & Mutations

When hurt, damage is shared between your health and your magic reserves.
You regenerate magic rapidly.
Your touch may inflict irresistible damage on your foes.


Message History

Something hits you!
Deactivating autopickup; reactivate with Ctrl-A.
The white imp moves out of view.
No target in view!
Something hits you.
A white imp is nearby!
You closely miss something. Your touch misses something. Something hits you!
Something hits you! Something hits you. The white imp closely misses you.
You are too injured to fight recklessly!
You are too injured to fight recklessly!
You are too injured to fight recklessly!
You are too injured to fight recklessly!
A red film seems to cover your vision as you go berserk!
You feel yourself moving faster!
You feel mighty! Something hits you. The white imp closely misses you.
You slash the white imp!
You kill the white imp!
Trog accepts your kill.
You barely miss something. Something hits you! You block something's attack.
You start resting.
You feel a strong urge to attack something.
Something hits you! Something completely misses you.
You start resting.
You feel your anger nearly subside. You block something's attack.
Something hits you.
You hit something. Your touch misses something. Something hits you.
* * * LOW HITPOINT WARNING * * *
Something hits you!
* * * LOW HITPOINT WARNING * * *
You start resting.
You feel a strong urge to attack something.
You are no longer berserk.
You are exhausted.
You feel yourself slow down. Something hits you.
* * * LOW HITPOINT WARNING * * *
It was a potion of might.
You feel very mighty all of a sudden. Something hits you.
You die...

#... #...# #...# .
#...# #
..####...#####.##
.................
..............#
..............#
####..@#####.# #...#
#.#.# #...###.#
#.###########.........
#............######.##
#..###..####........
##.####.#.#.#.#
#........#


There were no monsters in sight!

Vanquished Creatures
  A kobold demonologist (D:5)
  An ogre (D:3)
  A scorpion (D:4)
  Dowan (D:4)
  A centaur zombie (D:5)
  An orc priest (D:4)
  2 centaur skeletons
  Ijyb (D:4)
  5 adders
  A river rat (D:4)
  A white imp (D:5)
  2 orcs (D:4)
  6 endoplasms
  2 giant cockroaches
  5 goblins
  5 hobgoblins
  14 jackals
  A quokka (D:4)
  4 ball pythons
  7 bats
  5 frilled lizards
  3 kobolds
  5 rats
75 creatures vanquished.

Notes
Turn   | Place    | Note
-------+----------+-------------------------------------------
     0 | D:1      | knot the Demonspawn Berserker began the quest for the Orb.
     0 | D:1      | Reached XP level 1. HP: 18/18 MP: 1/1
    49 | D:1      | Reached skill level 3 in Axes
   224 | D:1      | Gained mutation: You regenerate magic rapidly. [demonic
                  | ancestry]
   224 | D:1      | Reached XP level 2. HP: 19/24 MP: 2/2
  1465 | D:2      | Gained mutation: Your touch may inflict minor irresistible
                  | damage on your foes. [demonic ancestry]
  1465 | D:2      | Reached XP level 3. HP: 23/29 MP: 3/3
  1610 | D:2      | Reached skill level 4 in Axes
  1875 | D:2      | Reached ** piety under Trog
  2033 | D:2      | Reached XP level 4. HP: 35/35 MP: 4/4
  2404 | D:3      | Noticed an ogre
  2411 | D:3      | Killed an ogre
  2412 | D:3      | Reached skill level 5 in Axes
  2412 | D:3      | Reached skill level 1 in Throwing
  2412 | D:3      | Reached XP level 5. HP: 41/41 MP: 5/5
  2801 | D:3      | Found Daocsar's Antique Armour Emporium.
  3084 | D:4      | Found a staircase to the Ecumenical Temple.
  3181 | D:4      | Noticed Duvessa
  3183 | D:4      | Noticed Duvessa
  3183 | D:4      | Duvessa changed into Duvessa the river rat
  3189 | D:4      | Killed Duvessa the river rat
  3189 | D:4      | Noticed Dowan
  3206 | D:4      | Killed Dowan
  3207 | D:4      | Gained mutation: Your touch may inflict irresistible damage
                  | on your foes. [demonic ancestry]
  3207 | D:4      | Reached XP level 6. HP: 13/47 MP: 6/6
  3867 | D:4      | Noticed Ijyb
  3908 | D:4      | Killed Ijyb
  4209 | D:5      | Entered Level 5 of the Dungeon
  4258 | D:5      | Noticed a kobold demonologist
  4263 | D:5      | Noticed a soul eater
  4268 | D:5      | Killed a kobold demonologist
  4269 | D:5      | Reached skill level 6 in Axes
  4269 | D:5      | Gained mutation: When hurt, damage is shared between your
                  | health and your magic reserves. [demonic ancestry]
  4269 | D:5      | Reached XP level 7. HP: 52/52 MP: 7/7
  4446 | D:5      | HP: 1/52 [something (5)]
  4447 | D:5      | Slain by an unseen horror

Illustrated notes

Levels and vault maps discovered:
D:1:      lordsloth_arrival_two_stooges, layout_basic, grunt_decor_fettered,
          minmay_misc_feat_diagonals, nicolae_concentric_dashed_squares_wild
D:2:      layout_rooms, hangedman_decor_clover_reticule
D:3:      layout_basic, serial_shops, shop, kennysheep_path_1
D:4:      layout_rooms, temple_doors_e, uniq_duvessa, uniq_ijyb
D:5:      layout_loops_cross, nicolae_uskayaw_suspiria, item_on_display_a

Skill      XL: |  1  2  3  4  5  6 |
---------------+-------------------+-----
Axes           | 3 4 5 6 |  6.5
Throwing       | 1 2 4 |  4.3
Fighting       | |  3.0
Armour         | |  1.7
Dodging        | |  1.7

Action                   |  1- 3 |  4- 6 |  7- 9 || total
-------------------------+-------+-------+-------++-------
Melee: Hand axe          |   130 |   101 |    15 ||   246
       Punch             |     1 |       |       ||     1
       Touch             |     4 |    17 |       ||    21
Throw: Dart              |       |     3 |       ||     3
Invok: Berserk           |     2 |     6 |     1 ||     9
       Trog's Hand       |       |     3 |       ||     3
Evoke: Wand              |       |     2 |       ||     2
  Use: Potion            |       |       |     1 ||     1
Armor: Animal skin       |    25 |    15 |     2 ||    42
Dodge: Dodged            |    96 |    62 |    12 ||   170
Block: Other             |    34 |    23 |     6 ||    63
       Reflection        |     2 |       |       ||     2

Table legend: (Time is in decaauts)
 A = Elapsed time spent in this place.
 B = Non-inter-level travel time spent in this place.
 C = Inter-level travel time spent in this place.
 D = Time resting spent in this place.
 E = Time spent auto-exploring this place.
 F = Levels seen in this place.
 G = Mean time per level.
                   A        B        C        D        E       F      G
               +--------+--------+--------+--------+--------+-----+--------+
         Total |   4548 |   4485 |     63 |   1521 |   2408 |   5 |  909.6 |
       Dungeon |   4548 |   4485 |     63 |   1521 |   2408 |   5 |  909.6 |
               +--------+--------+--------+--------+--------+-----+--------+

Top non-repeatable levels by time:
     D:1: 1460 daAuts
     D:4: 1278 daAuts
     D:2: 1070 daAuts
     D:3: 493 daAuts
     D:5: 246 daAuts
